 Dungeon Crawl Stone Soup version 0.18.1-50-g88ac8fd (webtiles) character file.

19015 st0uf the Fighter (level 12, -7/113 HPs)
             Began as a Pale Draconian Berserker on Sept 30, 2016.
             Was a High Priest of Trog.
             Mangled by an orc warrior
             ... wielding a +0 halberd of freezing
              (16 damage)
             ... on level 2 of the Orcish Mines.
             The game lasted 01:28:52 (13075 turns).

st0uf the Fighter (Pale Draconian Berserker)       Turns: 13075, Time: 01:28:52

Health: -7/113     AC:  8    Str: 21    XL:     12   Next: 32%
Magic:  15/15      EV: 18    Int:  8    God:    Trog [*****.]
Gold:   1998       SH:  0    Dex: 14    Spells: 0 memorised, 11 levels left

rFire  . . .     SeeInvis .     z - +2 great sword
rCold  . . .     Gourm    .     (armour unavailable)
rNeg   + . .     Faith    .     (shield currently unavailable)
rPois  .         Spirit   .     (helmet restricted)
rElec  .         Dismiss  .     (no cloak)
rCorr  .         Reflect  .     (no gloves)
SustAt +         Harm     .     (no boots)
MR     .....                    (no amulet)
Stlth  ++........               E - ring of sustain attributes
                                n - ring of positive energy

@: exhausted, slowed, very slow, not resistant to hostile enchantments,
unstealthy
A: breathe steam, unfitting armour, cold-blooded, AC +8
a: Breathe Steam, Berserk, Trog's Hand, Brothers in Arms, Burn Spellbooks,
Renounce Religion


You were on level 2 of the Orcish Mines.
You worshipped Trog.
Trog was extremely pleased with you.
You were not hungry.

You visited 2 branches of the dungeon, and saw 13 of its levels.
You also visited: Bailey.

You collected 1998 gold pieces.

Inventory:

Hand Weapons
 z - a +2 great sword (weapon)
 A - a +4 arbalest
 J - a +4 antimagic scimitar
 K - a +5 antimagic triple sword
Missiles
 y - 262 bolts
Jewellery
 n - a ring of positive energy (left hand)
 q - an uncursed ring of resist corrosion
 E - a ring of sustain attributes (right hand)
Wands
 D - a wand of iceblast (11/15)
 G - a wand of paralysis (6/24)
 I - a wand of lightning (7/15)
Scrolls
 a - a scroll of brand weapon {unknown}
 c - 3 scrolls of remove curse
 d - 4 scrolls of identify
 f - a scroll of recharging {unknown}
 i - 4 scrolls of enchant armour
 j - 3 scrolls of enchant weapon {unknown}
 l - 3 scrolls of magic mapping {unknown}
 o - 4 scrolls of amnesia {unknown}
 r - a scroll of blinking {unknown}
 s - 3 scrolls of teleportation {unknown}
 w - 5 scrolls of immolation {unknown}
 x - a scroll of fear {unknown}
Potions
 e - 3 potions of magic
 k - 2 potions of brilliance
 p - 3 potions of lignification
 t - a potion of heal wounds
 v - a potion of cancellation
 B - a potion of resistance
Books
 u - Sif Muna's Papyrus of Aid
   (You found it on level 5 of the Dungeon)

   Spells                             Type                      Level
   a - Infusion                       Charms                       1
   Trog disapproves of the use of such an item.
 C - a Fen Folio

   Spells                             Type                      Level
   a - Corpse Rot                     Necromancy                   2
   b - Stone Arrow                    Conjuration/Earth            3
   c - Leda's Liquefaction            Hexes/Earth                  4
   d - Summon Forest                  Summoning/Translocation      5
   e - Hydra Form                     Transmutation                6
   f - Summon Hydra                   Summoning                    7
   Trog disapproves of the use of such an item.
 F - a book of the Sky

   Spells                             Type                      Level
   a - Summon Lightning Spire         Summoning/Air                4
   b - Airstrike                      Air                          4
   c - Silence                        Hexes/Air                    5
   d - Deflect Missiles               Charms/Air                   6
   e - Conjure Ball Lightning         Conjuration/Air              6
   f - Tornado                        Air                          9
   Trog disapproves of the use of such an item.
Comestibles
 b - 3 bread rations
 g - 5 meat rations
 h - 6 beef jerkies
 H - 7 royal jellies


   Skills:
 * Level 12.6 Fighting
 * Level 12.2 Long Blades
 * Level 10.8 Dodging
 - Level 0.2 Stealth
 + Level 4.5 Evocations


You had 11 spell levels left.
You didn't know any spells.

Dungeon Overview and Level Annotations

Branches:
Dungeon (11/15)            Temple (0/1) D:5            Lair (0/8) D:8
    Orc (2/2) D:9             Elf (0/3) Orc:2

Altars:
Ashenzari
Kikubaaqudgha
Pakellas
Ru
Sif Muna
Vehumet
Yredelemnul
Beogh

Shops:
D:4 (   D:10 }   Orc:2 =(}:


Innate Abilities, Weirdness & Mutations

You can breathe blasts of scalding, opaque steam.
Your pale cyan-grey scales are hard (AC +8).
Your body does not fit into most forms of armour.
You are cold-blooded and may be slowed by cold attacks.


Message History

The orc warrior freezes you.
* * * LOW HITPOINT WARNING * * *
Unknown command.
Read which item? (? for menu, Esc to quit)
As you read the scroll labeled PAKHIJ PUETWO, it crumbles to dust.
It is a scroll of enchant armour.
You aren't carrying any armour which can be enchanted further.
The orc warrior barely misses you.
The orc warrior hits you from afar with a halberd of freezing!
* * * LOW HITPOINT WARNING * * *
The orc warrior freezes you.
* * * LOW HITPOINT WARNING * * *
The orc warrior barely misses you.
Drink which item? (? for menu, Esc to quit)
You feel much better.
You have got your breath back.
The orc warrior hits you with a hand axe!
* * * LOW HITPOINT WARNING * * *
The orc warrior hits you from afar with a halberd of freezing!
You die...

################## .# #..
........o......... .#.##..
..................
.......######..###.###.######
.......#∩...#..# #)# #.#
....o..#....#..###)###.######
....o§. ....#..........).....
......)###o##..........###.##
......)).(oo@...8...8..# #.#
.......###'##....).....# #.#
......§#....#..###'###.###.##
.......#....#..#.....#).)).))
.......#....#..#.....#.###.##
.......#∩...#..#.._..#.# #.#
.......######..#######.# #.#
....... .... ... ... ... ...
...


You could see 2 orc warriors and an orc.

Vanquished Creatures
  An unseen horror (D:10)
  A hill giant (Orc:1)
  Pikel (D:9)
  7 orc knights
  An orc sorcerer (Orc:1)
  The ghost of Charly the Cleaver, a novice DDGl (D:6)
  A centaur skeleton (D:10)
  3 trolls
  Grinder (D:6)
  2 two-headed ogres
  2 wyverns
  3 yaks (D:9)
  A hippogriff (D:7)
  2 hungry ghosts
  A steam dragon (D:10)
  Grum (D:8)
  7 wargs
  A water moccasin (D:10)
  3 ice beasts
  38 orc warriors
  3 sky beasts
  A wasp (D:9)
  2 phantoms
  4 slaves (D:9)
  The ghost of Trampli the Ruffian, an amateur NaTm of Cheibriados (D:3)
  A black bear (D:7)
  2 necrophages
  5 ogres
  2 wolves (D:8)
  2 centaurs
  5 big kobolds
  Blork the orc (D:4)
  5 giant frogs
  A water moccasin zombie (D:9)
  2 scorpions
  13 killer bees
  7 wights
  A howler monkey (D:4)
  2 crimson imps (D:5)
  5 hounds
  A giant frog zombie (D:7)
  4 jellies
  11 orc priests
  A giant frog skeleton (D:5)
  2 iguanas
  Natasha (D:2)
  17 orc wizards
  6 worker ants
  A killer bee zombie (D:10)
  3 hound skeletons
  A hound zombie (D:9)
  3 gnolls (D:5)
  7 adders
  3 shadow imps
  3 adder zombies
  An adder skeleton (D:4)
  3 worms
  3 dart slugs
  7 giant geckos
  86 orcs
  A ball python (D:2)
  7 giant cockroaches
  9 goblins
  7 hobgoblins
  13 jackals
  23 kobolds
  5 quokkas
  6 bats
  A giant gecko zombie (D:5)
  3 giant newts
  7 rats
389 creatures vanquished.

Vanquished Creatures (collateral kills)
  Nergalle (Orc:1)
  An orc knight (Orc:1)
  A queen bee (D:9)
  A warg (Orc:1)
  2 orc warriors
  4 orc wizards
  9 orcs
  4 kobolds (D:9)
23 creatures vanquished.

Grand Total: 412 creatures vanquished

Notes
Turn   | Place    | Note
--------------------------------------------------------------
     0 | D:1      | st0uf the Draconian Berserker began the quest for the Orb.
     0 | D:1      | Reached XP level 1. HP: 19/19 MP: 1/1
   280 | D:1      | Reached XP level 2. HP: 26/26 MP: 2/2
   556 | D:1      | Reached ** piety under Trog
   777 | D:2      | Noticed Natasha
   784 | D:2      | Killed Natasha
   784 | D:2      | Reached XP level 3. HP: 33/33 MP: 3/3
  1821 | D:2      | Reached XP level 4. HP: 31/40 MP: 4/4
  1921 | D:3      | Noticed Trampli's ghost (amateur NaTm)
  2061 | D:3      | Killed Trampli's ghost
  2061 | D:3      | Reached XP level 5. HP: 47/47 MP: 5/5
  2326 | D:3      | Found a shattered altar of Ashenzari.
  2326 | D:3      | Found an oddly glowing altar of Pakellas.
  2423 | D:3      | Reached skill level 5 in Fighting
  2431 | D:3      | Reached *** piety under Trog
  2741 | D:3      | Found a basalt altar of Yredelemnul.
  2931 | D:4      | Reached XP level 6. HP: 53/56 MP: 6/6
  2959 | D:4      | Noticed Blork the orc
  2969 | D:4      | Killed Blork the orc
  3169 | D:4      | Found Ovotew's Antique Weapon Emporium.
  3385 | D:5      | Entered Level 5 of the Dungeon
  3412 | D:5      | Found a staircase to the Ecumenical Temple.
  3478 | D:5      | Reached skill level 5 in Long Blades
  3483 | D:5      | Found a radiant altar of Vehumet.
  3512 | D:5      | Found an ancient bone altar of Kikubaaqudgha.
  3513 | D:5      | Found a deep blue altar of Sif Muna.
  3517 | D:5      | Identified Sif Muna's Papyrus of Aid
  3593 | D:5      | Your scales start taking on a pale cyan-grey colour.
  3593 | D:5      | Reached XP level 7. HP: 62/62 MP: 7/7
  3641 | D:5      | Reached skill level 5 in Dodging
  3856 | D:6      | Found a sacrificial altar of Ru.
  3896 | D:6      | Noticed Charly's ghost (novice DDGl)
  3921 | D:6      | Killed Charly's ghost
  3921 | D:6      | Reached XP level 8. HP: 67/73 MP: 8/8
  4244 | D:6      | Noticed Grinder
  4252 | D:6      | Killed Grinder
  4525 | D:6      | Reached **** piety under Trog
  4877 | D:7      | Found a deep blue altar of Sif Muna.
  5095 | D:7      | Reached XP level 9. HP: 68/81 MP: 9/9
  5804 | D:8      | Noticed Grum
  5818 | D:8      | Killed Grum
  5854 | D:8      | Found a flagged portal.
  5871 | Bailey   | Entered a bailey
  6050 | Bailey   | Reached ***** piety under Trog
  6706 | Bailey   | Noticed an orc knight
  6836 | Bailey   | Reached XP level 10. HP: 92/92 MP: 10/10
  6919 | Bailey   | Killed an orc knight
  7343 | D:8      | Found a staircase to the Lair.
  7378 | D:8      | Reached skill level 10 in Fighting
  8121 | D:9      | Reached skill level 10 in Long Blades
  8392 | D:9      | Noticed Pikel
  8410 | D:9      | Killed Pikel
  8415 | D:9      | Received a gift from Trog
  8524 | D:9      | Reached XP level 11. HP: 102/102 MP: 11/11
  8770 | D:9      | Found a staircase to the Orcish Mines.
  9143 | D:9      | Reached skill level 1 in Evocations
  9173 | D:10     | Entered Level 10 of the Dungeon
  9312 | D:10     | Found Ocrabb's Gadget Shoppe.
  9540 | D:10     | Received a gift from Trog
  9624 | D:10     | Killed an unseen horror
 10112 | Orc:1    | Entered Level 1 of the Orcish Mines
 10117 | Orc:1    | Noticed an orc knight
 10329 | Orc:2    | Entered Level 2 of the Orcish Mines
 10668 | Orc:2    | Found a staircase to the Elven Halls.
 11058 | Orc:1    | Found a roughly hewn altar of Beogh.
 11082 | Orc:1    | Noticed an orc sorcerer
 11092 | Orc:1    | Killed an orc sorcerer
 11092 | Orc:1    | Reached skill level 10 in Dodging
 11137 | Orc:1    | Noticed Nergalle
 11214 | Orc:1    | Noticed a spectral orc warlord
 11215 | Orc:1    | Killed Nergalle
 11245 | Orc:1    | Killed an orc knight
 11637 | Orc:1    | Noticed a hill giant
 11654 | Orc:1    | Killed a hill giant
 11938 | Orc:2    | Found Cusavufa's Book Shop.
 11938 | Orc:2    | Noticed an orc knight
 11938 | Orc:2    | Noticed an orc knight
 11949 | Orc:2    | Received a gift from Trog
 11987 | Orc:1    | Killed an orc knight
 12042 | Orc:1    | Killed an orc knight
 12148 | Orc:2    | Reached XP level 12. HP: 89/112 MP: 14/14
 12334 | Orc:2    | Found Qamir's Gadget Emporium.
 12896 | Orc:2    | Found a roughly hewn altar of Beogh.
 13031 | Orc:2    | Found Jeyloor's Jewellery Emporium.
 13031 | Orc:2    | Found Ryeneyja's Weapon Shop.
 13074 | Orc:2    | HP: 4/113 [orc warrior/halberd of freezing (5)]
 13075 | Orc:2    | Mangled by an orc warrior

Skill      XL: |  1  2  3  4  5  6  7  8  9 10 11 12 |
---------------+-------------------------------------+-----
Dodging        | 3 4 5 6 8 9 10 | 10.8
Fighting       | 4 5 7 8 9 11 12 | 12.6
Long Blades    | 4 5 6 7 9 10 11 12 | 12.2
Evocations     | 3 4 |  4.5
Stealth        | |  0.2

Action                   |  1- 3 |  4- 6 |  7- 9 | 10-12 || total
-------------------------+-------+-------+-------+-------++-------
Melee: Falchion          |    94 |   191 |   203 |    16 ||   504
       Tailslap          |    13 |    24 |    33 |    64 ||   134
       Great sword       |       |       |       |   459 ||   459
Invok: Berserk           |       |     5 |     3 |    10 ||    18
       Trog's Hand       |       |     2 |     1 |     8 ||    11
       Brothers in Arms  |       |       |       |     6 ||     6
 Abil: Breathe Steam     |       |       |    64 |   112 ||   176
Evoke: Wand              |       |       |       |     1 ||     1
  Use: Scroll            |       |     2 |     7 |     1 ||    10
       Potion            |       |       |       |     2 ||     2
 Stab: Sleeping          |       |       |       |     1 ||     1
  Eat: Chunk             |     1 |    12 |    21 |    36 ||    70
       Fruit             |       |       |       |     4 ||     4
       Bread ration      |       |       |       |     1 ||     1
       Royal jelly       |       |       |       |     1 ||     1
Armor: Skin              |    33 |    64 |    33 |    80 ||   210
Dodge: Dodged            |    85 |   117 |   176 |   441 ||   819
